 Dungeon Crawl Stone Soup version 0.31-a0-1267-gfedaa18580 (webtiles) character file.

Game seed: 7999408031924433470

127 porpoise the Poker (level 5, -2/42 HPs)
             Began as a Merfolk Chaos Knight on Dec 17, 2023.
             Was a Plaything of Xom.
             Slain by a swamp drake (12 damage)
             ... on level 2 of the Dungeon.
             The game lasted 00:04:31 (1489 turns).

porpoise the Poker (Merfolk Chaos Knight)           Turns: 1489, Time: 00:04:31

Health: -2/42      AC:  5    Str: 12    XL:     5   Next: 11%
Magic:  5/5        EV: 12    Int: 14    God:    Xom [..*...]
Gold:   78         SH:  0    Dex: 13    Spells: 4/4 levels left

rFire   . . .        a - +0 spear (chaos)
rCold   . . .        (no shield)
rNeg    . . .        b - +2 leather armour
rPois   .            (no helmet)
rElec   .            (no cloak)
rCorr   .            (no gloves)
SInv    .            (no boots)
Will    .....        (no amulet)
Stlth   +            (no ring)
HPRegen 0.27/turn    (no ring)
MPRegen 0.09/turn

%: no passive effects
@: confused
A: (nimble swimmer 2), mertail
a: Renounce Religion


You were on level 2 of the Dungeon.
You worshipped Xom.
You were a toy of Xom.
You visited 1 branch of the dungeon, and saw 2 of its levels.

You collected 78 gold pieces.

Inventory:

Hand Weapons
 a - a +0 spear of chaos (weapon)
Armour
 b - a +2 leather armour (worn)
Scrolls
 c - a scroll of butterflies
 d - a scroll of vulnerability {unknown}
 f - a scroll of teleportation {unknown}
 h - 4 scrolls of enchant weapon {unknown}
 i - a scroll of silence {unknown}
 j - 2 scrolls of identify {unknown}
 k - 2 scrolls of fear {unknown}
Potions
 e - 2 potions of invisibility {unknown}
 g - 3 potions of might {unknown}
 l - a potion of mutation {unknown}


   Skills:
 + Level 4.2 Fighting
 + Level 5.1 Polearms
 + Level 1.7 Armour
 + Level 4.0 Dodging


You had 4 spell levels left.
You didn't know any spells.
Your spell library contained the following spells:

 Spells                   Type           Power      Damage    Failure   Level
 Conjure Ball Lightning   Conj/Air       0%         3x3d6     100%        6
 Discord                  Hex            0%         N/A       100%        8
 Disjunction              Tloc           0%         N/A       100%        8


Dungeon Overview and Level Annotations

Branches:
Dungeon (2/15)

Altars:


Innate Abilities, Weirdness & Mutations

((You are very nimble when in or above water. (Stealth+, EV+, Speed+++)))
Your lower body shifts to a powerful aquatic tail in water.


Message History

You are poisoned.
You're too confused to move!
You are engulfed in noxious fumes.
You choke on the stench!
You are more confused.
You feel sick.
The dart slug is engulfed in noxious fumes.
The dart slug appears confused.
The dart slug barely misses the swamp drake.
The swamp drake bites you but does no damage.
You are engulfed in noxious fumes.
You choke on the stench!
You are more confused.
You feel sick.
The swamp drake attacks as it pursues you!
The swamp drake bites you but does no damage.
The dart slug is engulfed in noxious fumes.
The dart slug appears confused.
You barely miss the swamp drake.
You feel sick.
You are no longer poisoned.
The swamp drake barely misses you.
The swamp drake bites you but does no damage.
The dart slug misses the swamp drake.
The swamp drake breathes poison at you.
The noxious blast engulfs you but does no damage.
You are poisoned.
You are engulfed in noxious fumes.
You choke on the stench!
You are more confused.
You feel sick.
Unknown command.
You feel sick. "See what I see, my child!"
You detect items!
The dart slug is engulfed in noxious fumes.
The dart slug appears confused.
You feel sick.
You are no longer poisoned.
The swamp drake bites you!
* * * LOW HITPOINT WARNING * * *
You closely miss the swamp drake. The swamp drake bites you!
You die...
Xom is highly amused!

#.#....##...........#
#.#....##...........#
#.#....##...........#
#.####.##...........##
#...........###'###..##.#
....##.####.# #.#.)w...#
###.##...##.#
#..)####.'.gg #.####....#
#.k## ##$o%
#.######..###.@# ∆ ∆ )$∆
#..............# ∆ ' .∆
#########.#...>..##
..........####.#..####
#.....##### #.##....#
#.#<#.# #....##.# #.#.#.#
####.##.## #.#...#
#.....###..# ..#####
###...)...#


You could see a swamp drake.

Vanquished Creatures
  Natasha (twice) (D:2)
  An adder (D:2)
  2 orcs (D:2)
  6 endoplasms
  4 giant cockroaches
  3 hobgoblins
  3 jackals (D:2)
  6 kobolds
  2 quokkas
  7 ball pythons
  8 bats
  9 goblins
  10 rats
63 creatures vanquished.

Notes
Turn   | Place    | Note
-------+----------+-------------------------------------------
     0 | D:1      | porpoise the Merfolk Chaos Knight began the quest for the
                  | Orb.
     0 | D:1      | Reached XP level 1. HP: 18/18 MP: 1/1
    91 | D:1      | Reached XP level 2. HP: 24/24 MP: 2/2
   105 | D:1      | Reached skill level 1 in Armour
   466 | D:1      | Reached XP level 3. HP: 30/30 MP: 3/3
   744 | D:1      | XOM: divination: magic mapping
   782 | D:1      | You fall into a shaft and drop 1 floor!
   819 | D:2      | Noticed Natasha
   832 | D:2      | XOM: silly message
   839 | D:2      | Killed Natasha
   840 | D:2      | Reached XP level 4. HP: 18/37 MP: 4/4
   865 | D:2      | XOM: 3-stop teleportation journey
   939 | D:2      | Noticed Natasha
   946 | D:2      | Killed Natasha
  1219 | D:2      | Reached skill level 5 in Polearms
  1448 | D:2      | Reached XP level 5. HP: 35/42 MP: 5/5
  1475 | D:2      | a bat changed into a swamp drake
  1475 | D:2      | Noticed a swamp drake
  1487 | D:2      | XOM: divination: detect items
  1489 | D:2      | Slain by a swamp drake

Illustrated notes

Levels and vault maps discovered:
D:1:      dpeg_arrival_prison, layout_basic, grunt_decor_cap
D:2:      layout_basic, minmay_joined_circles, uniq_natasha

Skill      XL: |  1  2  3  4  5 |
---------------+----------------+-----
Dodging        | 3 4 |  4.0
Armour         | 1 |  1.7
Fighting       | 4 |  4.2
Polearms       | 5 |  5.1

Action                     |  1- 3 |  4- 6 || total
---------------------------+-------+-------++-------
  Melee: Spear             |   118 |   107 ||   225
         Punch             |     1 |       ||     1
   Stab: Sleeping          |     1 |     1 ||     2
         Petrified         |     2 |       ||     2
 Armour: Leather armour    |    51 |    46 ||    97
  Dodge: Dodged            |    54 |    61 ||   115

Table legend: (Time is in decaauts)
 A = Elapsed time spent in this place.
 B = Non-inter-level travel time spent in this place.
 C = Inter-level travel time spent in this place.
 D = Time resting spent in this place.
 E = Time spent auto-exploring this place.
 F = Levels seen in this place.
 G = Mean time per level.
                   A        B        C        D        E       F      G
               +--------+--------+--------+--------+--------+-----+--------+
         Total |   1457 |   1457 |      0 |    172 |    961 |   2 |  728.5 |
       Dungeon |   1457 |   1457 |      0 |    172 |    961 |   2 |  728.5 |
               +--------+--------+--------+--------+--------+-----+--------+

Top non-repeatable levels by time:
     D:1: 770 daAuts
     D:2: 686 daAuts
